 Dungeon Crawl Stone Soup version 0.32-a0-732-ga344392067 (webtiles) character file.

Game seed: 8518748821645864062

119 runemasterragnar the Ruffian (level 5, -2/34 HPs)
             Began as an Octopode Shapeshifter on Mar 16, 2024.
             Killed by an exploding butterfly (36 damage)
             ... ignited by their inner flame
             ... on level 2 of the Dungeon.
             The game lasted 00:01:59 (1997 turns).

runemasterragnar the Ruffian (OpSh)                 Turns: 1997, Time: 00:02:00

Health: -2/34      AC:  1    Str: 15    XL:     5   Next: 3%
Magic:  5/5        EV: 12    Int: 13    God:
Gold:   128        SH:  0    Dex: 11    Spells: 4/4 levels left

rFire   . . .        l - +1 spear (venom)
rCold   . . .        (no shield)
rNeg    . . .        (helmet currently unavailable)
rPois   .            (no amulet)
rElec   .            (no ring)
rCorr   .            (no ring)
SInv    .            (no ring)
Will    .....        (no ring)
Stlth   +++          (no ring)
HPRegen 0.25/turn    (no ring)
MPRegen 0.09/turn    (no ring)
                     (no ring)

%: no passive effects
@: beast-form
A: beast (slay +2), almost no armour, amphibious, 8 rings, camouflage 1,
gelatinous body 1, (nimble swimmer 1), tentacles
a: Begin Untransformation


You were on level 2 of the Dungeon.
You were a hulking beast.
You visited 1 branch of the dungeon, and saw 2 of its levels.

You collected 128 gold pieces.

Inventory:

Hand Weapons
 l - a +1 spear of venom (weapon)
Missiles
 m - 2 boomerangs (quivered)
 n - 4 poisoned darts
Jewellery
 r - a ring of protection from fire
Talismans
 b - a beast talisman (active)
 c - a flux talisman
Scrolls
 g - a scroll of blinking
Potions
 a - 3 potions of lignification
 f - a potion of brilliance {unknown}
 h - 2 potions of curing {unknown}
 i - a potion of heal wounds {unknown}
 j - a potion of might {unknown}
 k - a potion of ambrosia {unknown}
 o - a potion of attraction {unknown}
 p - a potion of mutation {unknown}


   Skills:
 + Level 2.2 Fighting
 + Level 2.7 Dodging
 + Level 2.6 Stealth
 + Level 3.6 Unarmed Combat
 + Level 3.5 Shapeshifting


You had 4 spell levels left.
You didn't know any spells.
Your spell library was empty.

Dungeon Overview and Level Annotations

Branches:
Dungeon (2/15)

Altars:


Innate Abilities, Weirdness & Mutations

You are a hulking beast.
Your limbs bulge with bestial killing power. (Slay +2)
You cannot wear most types of armour.
You are amphibious.
You can wear up to eight rings at the same time.
Your skin changes colour to match your surroundings (Stealth+).
Your rubbery body absorbs attacks. (AC +1, EV +1)
((You are camouflaged when in or above water. (Stealth+)))
You have tentacles for arms and can constrict up to eight enemies at once.


Message History

Done exploring.
Done exploring.
Done exploring.
As you read the scroll labelled KASSOI PUZELLO, it crumbles to dust.
You hear the flapping of tiny wings.
It was a scroll of butterflies.
As you read the scroll labelled JUCHUHAESK, it crumbles to dust.
You hear a loud clanging noise!
It was a scroll of noise.
Blink to where?
Press: ? - help, Dir - move target
As you read the scroll labelled GIPTIH COXUF, it crumbles to dust.
It was a scroll of blinking.
As you read the scroll labelled LONKAY HODEYCW, it crumbles to dust.
The creatures around you are filled with an inner flame!
It was a scroll of immolation.
The air fills with toxic fumes!
As you read the scroll labelled UBAHIB SIBOYH, it crumbles to dust.
It was a scroll of poison.
Your butterfly is poisoned.
You start waiting.
Your butterfly disappears in a burst of colours!
Your butterfly explodes!
The fiery explosion engulfs your butterfly!!
Your butterfly disappears in a burst of colours!
Your butterfly explodes!
The fiery explosion engulfs your butterfly!
Your butterfly disappears in a burst of colours!
Your butterfly explodes!
The fiery explosion engulfs your butterfly!!
Your butterfly disappears in a burst of colours!
Your butterfly explodes!
The fiery explosion engulfs your butterfly!!
Your butterfly disappears in a burst of colours!
Your butterfly explodes!
The fiery explosion engulfs your butterfly!
Your butterfly disappears in a burst of colours!
Your butterfly explodes!
The fiery explosion engulfs you!!!
Ouch! That really hurt!
You die...

..##.#.###'### #.#...### #.#
..##.#.#...P.# #.#...# #.#
#.##.#.#.....# #.##### #.#
#.##.#.#..P..# #.# #.#
.....#.#.....###.# #.#
#.####.##.P.##...# #.#
#.####.###.####### #.#
[...##.# #_# #############.#
###.##.###.###§§h§§§§§§§...#
# #....##...################
###.####.....# .....#
#.....# ####.# #.....# #.#
#....P# #.#####'###
#.......# #########


There were no monsters in sight!

Vanquished Creatures
  Terence (D:2)
  3 adders (D:2)
  A ribbon worm (D:2)
  3 dart slugs
  8 bats
  5 endoplasms
  3 giant cockroaches
  6 hobgoblins
  9 jackals
  2 quokkas
  3 ball pythons
  3 frilled lizards (D:2)
  4 kobolds
  3 rats
54 creatures vanquished.

Notes
Turn   | Place    | Note
-------+----------+-------------------------------------------
     0 | D:1      | runemasterragnar the Octopode Shapeshifter began the quest
                  | for the Orb.
     0 | D:1      | Reached XP level 1. HP: 13/13 MP: 1/1
    55 | D:1      | Reached XP level 2. HP: 12/18 MP: 2/2
    60 | D:1      | Reached skill level 1 in Stealth
   682 | D:1      | Reached XP level 3. HP: 18/23 MP: 3/3
  1308 | D:2      | Found a faded altar of an unknown god.
  1330 | D:2      | Reached XP level 4. HP: 29/29 MP: 4/4
  1462 | D:2      | Noticed Terence
  1472 | D:2      | Killed Terence
  1667 | D:2      | Reached XP level 5. HP: 32/34 MP: 5/5
  1997 | D:2      | Killed by an exploding butterfly... ignited by their inner
                  | flame

Illustrated notes

Levels and vault maps discovered:
D:1:      zaba_arrival_water, layout_loops_ring, supply_closet_lemuel
D:2:      layout_loops_ring, shapermc_ecumenical_altar_flowoftime,
          kennysheep_potato, uniq_terence

Skill      XL: |  1  2  3  4 |
---------------+-------------+-----
Stealth        | 1 2 |  2.6
Fighting       | 2 |  2.2
Dodging        | |  2.7
Unarmed Combat | |  3.6
Shapeshifting  | |  3.5

Action                     |  1- 3 |  4- 6 || total
---------------------------+-------+-------++-------
  Melee: Unarmed           |    36 |       ||    36
         Constrict         |    16 |     9 ||    25
         Tentacles         |    10 |     4 ||    14
         Spear             |    26 |    40 ||    66
    Use: Scroll            |       |     5 ||     5
   Stab: Sleeping          |    11 |     5 ||    16
         Distracted        |     1 |       ||     1
 Armour: Skin              |    29 |    13 ||    42
  Dodge: Dodged            |    25 |    10 ||    35

Table legend: (Time is in decaauts)
 A = Elapsed time spent in this place.
 B = Non-inter-level travel time spent in this place.
 C = Inter-level travel time spent in this place.
 D = Time resting spent in this place.
 E = Time spent auto-exploring this place.
 F = Levels seen in this place.
 G = Mean time per level.
                   A        B        C        D        E       F      G
               +--------+--------+--------+--------+--------+-----+--------+
         Total |   2001 |   1903 |     98 |    339 |   1265 |   2 | 1000.5 |
       Dungeon |   2001 |   1903 |     98 |    339 |   1265 |   2 | 1000.5 |
               +--------+--------+--------+--------+--------+-----+--------+

Top non-repeatable levels by time:
     D:2: 1017 daAuts
     D:1: 983 daAuts
